 Dungeon Crawl Stone Soup version 0.26-a0-259-g1effd001a9 (webtiles) character file.

Game seed: 1653516270949574296

678995 night the Sorcerer (level 27, -34/245 (246) HPs)
             Began as a White Draconian Ice Elementalist on July 18, 2020.
             Was the Champion of Vehumet.
             Blown up by an ancient lich (76 damage)
             ... with an orb of destruction
             ... on level 5 of the Realm of Zot on July 21, 2020.
             The game lasted 05:02:56 (92007 turns).

night the Sorcerer (DrIE)                          Turns: 92007, Time: 05:02:57

HP:   -34/245 (246) AC: 23    Str: 14    XL:     27
MP:   34/51         EV: 20    Int: 39    God:    Vehumet [******]
Gold: 5236          SH: 20    Dex: 10    Spells: 24/74 levels left

rFire    + . .     SeeInvis .   a - +9 demon whip (elec)
rCold    + . .     Faith    .   m - +2 kite shield {AC+3}
rNeg     + . .     Spirit   .   (armour unavailable)
rPois    +         Reflect  +   y - +2 hat of Leapfrog {Str+4 Slay+2}
rElec    +         Harm     .   j - +2 cloak {MR+}
rCorr    +                      g - +0 pair of gloves of Going Fast {rF+ rCorr Int+4 Dex-4 Stlth+}
MR       +++..                  u - +0 pair of boots
Stlth    +++.......             Y - amulet of the Will of the Gods {Reflect rElec SH+5}
HPRegen  0.50/turn              L - ring "Kukaxtih" {rPois Int+8}
MPRegen  0.32/turn              P - ring of positive energy

@: studying Throwing
A: breathe frost, unfitting armour, horns 1, cold resistance 1, sense
surroundings 1, cold-blooded, AC +13
}: 3/15 runes: decaying, silver, gossamer
a: Breathe Frost, Renounce Religion


You were on level 5 of the Realm of Zot.
You worshipped Vehumet.
Vehumet was exalted by your worship.
You were not hungry.

You visited 9 branches of the dungeon, and saw 49 of its levels.
You visited 1 bazaar.
You also visited: Gauntlet.

You collected 9623 gold pieces.
You spent 4381 gold pieces at shops.
You donated 6 gold pieces to Zin.

Inventory:

Hand Weapons
 a - a +9 demon whip of electrocution (weapon)
 b - a +9 eveningstar of holy wrath
 i - the +6 flail "Yphol" {flame, rElec MR+ Int+4 Dex+4}
   (You found it on level 13 of the Dungeon)

   It has been specially enchanted to burn those struck by it, causing extra
   injury to most foes and up to half again as much damage against particularly
   susceptible opponents.
   It affects your intelligence (+4).
   It affects your dexterity (+4).
   It insulates you from electricity.
   It affects your resistance to hostile enchantments.
 n - a +2 fustibalus of freezing
Missiles
 K - 114 sling bullets
Armour
 g - the +0 pair of gloves of Going Fast (worn) {rF+ rCorr Int+4 Dex-4 Stlth+}
   (You acquired it on level 4 of the Lair of Beasts)

   It affects your intelligence (+4).
   It affects your dexterity (-4).
   It protects you from fire.
   It provides partial protection from all sources of acid and corrosion.
   It makes you more stealthy.
 j - a +2 cloak of magic resistance (worn)
 m - a +2 kite shield of protection (worn)
 u - a +0 pair of boots (worn)
 y - the +2 hat of Leapfrog (worn) {Str+4 Slay+2}
   (You found it in a Gauntlet)

   It affects your strength (+4).
   It affects your accuracy and damage with ranged weapons and melee attacks
   (+2).
Magical Staves
 w - an uncursed staff of wizardry
 B - an uncursed staff of energy
Jewellery
 e - the ring "Cathraotai" {MR+ Str+3 SInv}
   (You found it in a Gauntlet)

   [ring of see invisible]

   It affects your strength (+3).
   It affects your resistance to hostile enchantments.
   It lets you see invisible.
 h - an uncursed ring of wizardry
 p - an uncursed ring of protection from fire
 A - the amulet of Xom's Full Attention {RegenMP +Blink Str+4}
   (You found it in a Gauntlet)

   [amulet of magic regeneration]

   It increases your magic regeneration.
   It affects your strength (+4).
   It lets you blink.
 L - the ring "Kukaxtih" (left hand) {rPois Int+8}
   (You took it off a gnoll on level 7 of the Dungeon)

   [ring of poison resistance]

   It affects your intelligence (+8).
   It protects you from poison.
 P - a ring of positive energy (right hand)
 X - the ring "Muryo" {*Drain rPois MR+ Str+6 SInv}
   (You took it off a deep elf blademaster on level 3 of the Elven Halls)

   [ring of strength]

   It affects your strength (+6).
   It protects you from poison.
   It affects your resistance to hostile enchantments.
   It lets you see invisible.
   It causes draining when unequipped.
 Y - the amulet of the Will of the Gods (around neck) {Reflect rElec SH+5}
   (You found it on level 3 of the Lair of Beasts)

   [amulet of reflection]

   It shields you and reflects attacks.
   It insulates you from electricity.
   It affects your SH (+5).
 Z - an uncursed ring of positive energy
Wands
 r - a wand of enslavement (21)
 t - a wand of digging (6)
 E - a wand of clouds (27)
 O - a wand of paralysis (8)
Scrolls
 c - 13 scrolls of magic mapping
 l - 26 scrolls of remove curse
 o - 18 scrolls of teleportation
 s - 6 scrolls of fog
 v - 2 scrolls of summoning
 z - 4 scrolls of silence
 D - 7 scrolls of blinking
 H - 11 scrolls of identify
 J - a scroll of acquirement
 W - 10 scrolls of fear
Potions
 d - 19 potions of curing
 f - 24 potions of heal wounds
 q - 6 potions of haste
 x - 4 potions of resistance
 C - 11 potions of invisibility
 F - 3 potions of berserk rage
 M - 14 potions of brilliance
 Q - 7 potions of lignification
 R - 6 potions of magic
 S - 3 potions of stabbing
 T - 9 potions of flight
 V - 6 potions of cancellation
Books
 I - a manual of Throwing
Miscellaneous
 N - a lightning rod (4/4)
 U - a phial of floods
Comestibles
 k - 124 rations


   Skills:
 + Level 19.8 Fighting
 - Level 16.0 Maces & Flails
 + Level 17.4 Dodging
 - Level 1.7 Stealth
 - Level 15.0 Shields
 + Level 24.0 Spellcasting
 - Level 21.6 Ice Magic
 - Level 19.6 Air Magic


You had 24 spell levels left.
You knew the following spells:

 Your Spells              Type           Power        Failure   Level
a - Freeze                Ice            ####         0%          1
b - Frozen Ramparts       Ice            ######       0%          3
c - Summon Ice Beast      Ice/Summ       #######.     1%          4
d - Ozocubu's Refrigerat  Ice            ########..   0%          6
e - Ozocubu's Armour      Chrm/Ice       #######.     0%          3
f - Freezing Cloud        Conj/Ice/Air   ########..   1%          6
g - Mephitic Cloud        Conj/Pois/Air  #######.     1%          3
h - Hailstorm             Conj/Ice       #######.     1%          4
i - Absolute Zero         Ice            ########..   1%          9
j - Tornado               Air            ########..   4%          9
k - Sublimation of Blood  Necr           #####.....   1%          2

Your spell library contained the following spells:

 Spells                   Type           Power        Failure   Level
 Shatter                  Erth           #####.....   100%        9
 Shock                    Conj/Air       ####         0%          1
 Ensorcelled Hibernation  Hex/Ice        ######       0%          2
 Poisonous Vapours        Pois/Air       ######       0%          2
 Swiftness                Chrm/Air       #######.     0%          2
 Airstrike                Air            ########..   0%          4
 Animate Skeleton         Necr           #####.       1%          1
 Apportation              Tloc           #####.       1%          1
 Corona                   Hex            #####..      1%          1
 Infusion                 Chrm           ####         1%          1
 Magic Dart               Conj           ####         1%          1
 Pain                     Necr           ####         1%          1
 Summon Butterflies       Summ           #####...     1%          1
 Summon Small Mammal      Summ           ####         1%          1
 Blink                    Tloc           N/A          1%          2
 Call Imp                 Summ           #####...     1%          2
 Passwall                 Tmut/Erth      #####...     1%          2
 Searing Ray              Conj           #####.       1%          2
 Shroud of Golubria       Chrm/Tloc      #####.       1%          2
 Slow                     Hex            #####...     1%          2
 Song of Slaying          Chrm           #####...     1%          2
 Call Canine Familiar     Summ           #####...     1%          3
 Confusing Touch          Hex            #####...     1%          3
 Conjure Flame            Conj/Fire      #####...     1%          3
 Dazzling Flash           Conj/Hex       #####.       1%          3
 Gell's Gravitas          Tloc           #####.....   1%          3
 Ignite Poison            Fire/Tmut/Pois #####...     1%          3
 Lesser Beckoning         Tloc           #####.....   1%          3
 Recall                   Summ/Tloc      N/A          1%          3
 Spectral Weapon          Hex/Chrm       #####...     1%          3
 Static Discharge         Conj/Air       #######.     1%          3
 Summon Guardian Golem    Hex/Summ       #####...     1%          3
 Teleport Other           Tloc           #####...     1%          3
 Tukima's Dance           Hex            #####...     1%          3
 Vampiric Draining        Necr           #####.....   1%          3
 Fulminant Prism          Conj/Hex       #####.....   1%          4
 Iskenderun's Mystic Bla  Conj/Tloc      #####...     1%          4
 Summon Lightning Spire   Summ/Air       #######.     1%          4
 Lightning Bolt           Conj/Air       #######...   1%          5
 Metabolic Englaciation   Hex/Ice        #######...   1%          5
 Simulacrum               Ice/Necr       #######...   1%          6
 Bolt of Magma            Conj/Fire/Erth #####.....   3%          5
 Irradiate                Conj/Tmut      #####.....   3%          5
 Iskenderun's Battlesphe  Conj/Chrm      #####...     3%          5
 Lee's Rapid Deconstruct  Erth           #####.....   3%          5
 Yara's Violent Unravell  Hex/Tmut       #####.....   3%          5
 Animate Dead             Necr           #####.....   4%          4
 Passage of Golubria      Tloc           N/A          4%          4
 Petrify                  Tmut/Erth      #####...     4%          4
 Agony                    Necr           #####...     12%         5
 Alistair's Intoxication  Tmut/Pois      #####...     12%         5
 Borgnjor's Vile Clutch   Necr/Erth      #####.....   12%         5
 Summon Mana Viper        Hex/Summ       #####...     12%         5
 Iron Shot                Conj/Erth      #####.....   17%         6
 Darkness                 Hex            #####.....   56%         6
 Death Channel            Necr           #####.....   56%         6
 Eringya's Noxious Bog    Tmut/Pois      #####.....   56%         6
 Invisibility             Hex            #####...     56%         6
 Orb of Destruction       Conj           #####.....   65%         7
 Spellforged Servitor     Conj/Summ      #####.....   65%         7
 Ring of Flames           Chrm/Fire      #####.....   98%         7
 Summon Hydra             Summ           #####.....   98%         7
 Ignition                 Fire           #####.....   99%         8


Dungeon Overview and Level Annotations

Branches:
Dungeon (15/15)            Temple (0/1) D:7            Lair (6/6) D:9
  Swamp (4/4) Lair:3       Spider (4/4) Lair:4        Slime (0/5) Lair:6
    Orc (2/2) D:10            Elf (3/3) Orc:2        Vaults (5/5) D:14
  Crypt (0/3) Vaults:2     Depths (5/5) D:15            Zot (5/5) Depths:5
Gauntlet (visited)

Altars:
Ashenzari
Dithmenos
Elyvilon
Gozag
Hepliaklqana
Kikubaaqudgha
Makhleb
Nemelex Xobeh
Okawaru
Qazlal
Ru
Sif Muna
Trog
Uskayaw
Vehumet
Xom
Yredelemnul
Zin
The Shining One
Beogh
Lugonu

Shops:
D:6 (   D:8 [   D:10 ((   Orc:2 [*(:   Elf:1 }(   Elf:3 *   Vaults:1 :
Vaults:4 [   Vaults:5 %!!?!%!!

Portals:
Hell: Depths:1 Depths:2 Depths:3 Depths:4 Depths:5
Abyss: Depths:2 Depths:4 Depths:5
Pandemonium: Depths:1 Depths:3
Ziggurat: Depths:2

Annotations:
D:4 3 runed translucent doors, kal9871's ghost, novice OgFi
D:6 3 runed translucent doors, bmj180's ghost, amateur DrCj; bmj180's ghost, novice DrCj
Swamp:1 exclusion: ice statue
Spider:1 1 runed translucent door, Jom Ituh's ghost, adept DDFi


Innate Abilities, Weirdness & Mutations

You can breathe waves of freezing cold.
You can buffet flying creatures when you breathe cold.
Your icy white scales are hard. (AC +13)
You cannot fit into any form of body armour.
Your flesh is cold resistant. (rC+)
You are cold-blooded and may be slowed by cold attacks.
You have a pair of small horns on your head.
You passively map a small area around you.


Message History

The orb of fire glows deep purple.
The fireball explodes!
The fireball engulfs you! You resist.
* * * LOW HITPOINT WARNING * * *
The fireball engulfs the orb of fire shaped block of ice!!!!
The orb of fire shaped block of ice melts!
The orb of fire shaped block of ice is destroyed!
The fireball engulfs the orb of fire shaped block of ice!!!
The orb of fire shaped block of ice melts!
The orb of fire shaped block of ice is destroyed!
You hear a roar! x3; You hear a deafening roar!
Casting: Sublimation of Blood (safe; 1% risk of failure)
Confirm with . or Enter, or press ? or * to list all spells.
You chill the black draconian to absolute zero!
The black draconian is frozen into a solid block of ice!
You kill the black draconian!
Vehumet accepts your kill.
You feel your power returning.
You hear a roar!
You hear a deafening roar!
The orb of destruction hits you!!!!
You die...

.##..^......(...........#.^.....#
.................................
.........######......##.......<..
.........## #.....####.........
..##......# #....## ##......##
.####.....#####....#### ##..<####
## ##.................## ##.).##
# ##...⌠...............###.....##
##.........*L.○@...............#
##........8..°○.............[....
........###.##.##8.###...........
....##...###.###..#####..........
...#####...#.##.###*#.......#####
..## *###.#..##,...........# #
#▓▓ ########[########▓▓▓▓####***
** #..^....d.......* **^,,,,, ^**
##.............#* **,,,,,,,


You could see an orb of fire and an ancient lich.

Vanquished Creatures
  Mara (Elf:3)
  10 orbs of fire
  3 ancient liches
  Sojobo (Vaults:3)
  Bai Suzhen (Elf:3)
  Boris (twice) (Depths:4 Vaults:1)
  A Killer Klown (Zot:3)
  Margery (Depths:2)
  A curse toe (Zot:4)
  Nikola (Spider:4)
  5 golden dragons
  6 caustic shrikes
  Arachne (Spider:2)
  The ghost of Vileos the Hand of Fortune, an adept DsGl of Nemelex Xobeh (Vaults:4)
  3 electric golems
  9 tentacled monstrosities
  5 liches
  2 deep elf blademasters (Elf:3)
  7 titans (Vaults:5)
  12 Orb Guardians (Zot:5)
  14 death cobs
  6 quicksilver dragons
  A deep elf master archer (Elf:3)
  8 sphinxes
  A thorn hunter (Swamp:4)
  15 storm dragons
  14 shadow dragons
  10 tengu reavers
  3 draconian monks
  10 frost giants
  3 draconian scorchers
  10 fire giants
  2 iron dragons
  A balrug (Depths:4)
  Louise (Spider:1)
  Aizul (Swamp:3)
  7 ghost moths
  12 deep elf sorcerers
  3 draconian knights
  11 emperor scorpions
  3 draconian annihilators (Zot:3)
  3 draconian shifters
  An orc warlord (Orc:2)
  2 spriggan defenders (Depths:3)
  16 vault wardens
  4 deep elf elementalists (Elf:3)
  2 reapers
  2 draconian stormcallers
  A ghoul (Vaults:2)
  19 stone giants
  3 war gargoyles
  8 very ugly things
  9 deep elf demonologists
  4 entropy weavers
  18 ironheart preservers
  A vampire knight (Depths:5)
  7 green draconians
  6 red draconians
  11 black draconians
  A spark wasp (shapeshifter) (Depths:4)
  6 white draconians
  12 yellow draconians
  A minotaur (Gauntlet)
  7 purple draconians
  9 deep elf annihilators
  10 spark wasps
  A merfolk impaler (Depths:2)
  A blizzard demon (Depths:4)
  7 deep elf death magi
  14 ettins
  13 fire dragons
  3 green deaths
  9 great orbs of eyes
  11 ice dragons
  6 deep elf high priests
  4 spriggan air magi
  Erolcha (D:9)
  A ghost crab (Swamp:3)
  6 rakshasas
  23 yaktaur captains
  34 vault guards
  4 hell beasts
  13 hydras
  2 death knights
  A catoblepas (Lair:5)
  Erica (Lair:2)
  6 centaur warriors
  8 alligators
  A merfolk avatar (Lair:6)
  12 ogre magi
  36 dancing weapons
  15 death yaks
  29 two-headed ogres
  11 deep troll earth magi
  12 deep troll shamans
  An orc high priest (Orc:2)
  A two-headed ogre (shapeshifter) (D:15)
  19 tengu warriors
  11 spriggan berserkers
  23 deep elf knights
  Urug (Lair:2)
  Nergalle (D:11)
  5 iron trolls
  3 sun demons (Depths:4)
  4 soul eaters
  6 skeletal warriors
  2 sea snakes (Lair:6)
  6 shadow wraiths
  6 unseen horrors
  2 quicksilver dragon simulacra (Depths:4)
  A sea snake (shapeshifter) (Vaults:3)
  15 hell knights
  4 spriggan druids
  31 deep trolls
  A death drake (shapeshifter) (Depths:4)
  5 swamp dragons
  3 glowing orange brains
  13 wizards
  7 phantasmal warriors
  4 flayed ghosts
  12 deep elf archers
  19 orc knights
  2 swamp dragons (shapeshifter)
  6 necromancers
  10 ironbrand convokers
  24 orb spiders
  62 deep elf magi
  A harpy (Vaults:5)
  53 ugly things
  An orb spider (shapeshifter) (Vaults:3)
  The ghost of PantasTheDank the Frost Mage, a novice DrIE of Qazlal (D:7)
  A fire giant zombie (Vaults:5)
  2 oklob plants (Lair:3)
  41 wolf spiders
  6 orc sorcerers
  A salamander (shapeshifter) (D:15)
  3 manticores
  5 cyclopes
  22 elephants
  2 human skeletons
  22 moths of wrath
  4 centaur zombies
  A water nymph (shapeshifter) (Depths:4)
  8 rust devils (Depths:4)
  13 vault sentinels
  2 cane toads (shapeshifter)
  5 torpor snails
  An ice statue (Depths:4)
  21 cane toads
  A black mamba (Lair:3)
  2 gargoyles
  2 orange demons (Swamp:4)
  4 komodo dragons
  A yaktaur zombie (Vaults:5)
  3 large abominations
  4 centaur skeletons
  2 ice devils (Depths:4)
  5 freezing wraiths
  2 yaktaurs (shapeshifter)
  52 yaktaurs
  5 rime drakes
  3 efreet
  3 red devils (Depths:4)
  6 tengu conjurers
  13 demonic crawlers
  A jumping spider (shapeshifter) (D:13)
  6 polar bears
  50 jumping spiders
  A troll (shapeshifter) (Vaults:3)
  3 tyrant leeches
  2 wind drakes (shapeshifter)
  A queen bee (shapeshifter) (Vaults:3)
  8 trolls
  A hydra zombie (Swamp:4)
  29 hornets
  A raiju (shapeshifter) (Vaults:2)
  2 merfolk (shapeshifter)
  48 slime creatures
  6 bog bodies
  A sphinx simulacrum (Vaults:2)
  A blink frog (shapeshifter) (D:13)
  6 blink frogs
  4 dream sheep (Lair:6)
  14 hippogriffs
  A hippogriff (shapeshifter) (Vaults:3)
  2 centaur simulacra (D:14)
  A spriggan (shapeshifter) (Depths:2)
  6 shadows
  13 spriggans
  4 air elementals
  3 flying skulls (Depths:4)
  2 vampires
  3 wraiths
  3 fire elementals (Elf:3)
  28 tarantellas
  3 wyverns
  Sigmund (D:3)
  2 hogs (shapeshifter)
  95 redbacks
  4 water elementals
  51 yaks
  2 small abominations
  A chaos spawn (Depths:3)
  7 humans (D:14)
  3 basilisks
  28 vampire mosquitoes
  A tyrant leech zombie (Swamp:4)
  A yak (shapeshifter) (Vaults:1)
  16 swamp worms
  A water moccasin (shapeshifter) (D:14)
  4 wargs
  An acid dragon (Vaults:2)
  9 insubstantial wisps
  6 hell hounds
  12 water moccasins
  8 swamp drakes
  A deep troll skeleton (Vaults:3)
  An elf zombie (Vaults:5)
  A hornet zombie (Swamp:4)
  7 porcupines
  A black bear (D:8)
  49 orc warriors
  9 ice beasts
  2 sky beasts (D:13)
  3 swamp dragon zombies (Swamp:4)
  36 ogres
  A black bear (shapeshifter) (D:15)
  2 eyes of draining
  3 phantoms
  2 necrophages
  10 boggarts
  6 ettin simulacra
  4 lemures (D:5)
  25 wolves
  18 centaurs
  15 crocodiles
  An elf skeleton (Vaults:3)
  3 big kobolds
  2 big kobolds (shapeshifter)
  A human zombie (Vaults:3)
  3 gnoll sergeants (D:7)
  15 bullfrogs
  A glowing shapeshifter simulacrum (Vaults:5)
  A wyvern skeleton (D:12)
  2 earth elementals
  A water moccasin skeleton (D:9)
  2 hornet simulacra
  6 scorpions
  17 killer bees
  18 wights
  A nameless horror (Lair:1)
  3 electric eels
  7 howler monkeys
  A bullfrog zombie (D:8)
  7 hounds
  A quasit (D:6)
  18 orc priests
  7 jellies
  31 orc wizards
  A gnoll shaman (D:7)
  An iron imp (Depths:1)
  4 iguanas
  13 worker ants
  2 hell rats
  A killer bee zombie (D:7)
  A hound skeleton (D:7)
  A worker ant zombie (D:5)
  Robin (D:2)
  16 adders
  22 gnolls
  6 river rats (Lair:6)
  A swamp drake zombie (Swamp:4)
  3 shadow imps
  4 white imps
  9 oozes
  5 ufetubi
  2 adder zombies
  4 worms
  3 dart slugs
  2 leopard geckos
  128 orcs
  3 giant cockroaches
  24 goblins
  10 hobgoblins
  21 jackals
  26 kobolds
  9 quokkas
  3 ball pythons
  8 bats
  A frilled lizard (D:2)
  A quokka skeleton (D:9)
  12 rats
  A spectral orc (D:7)
  23 blocks of ice
  3 bushes
  7 crawling corpses (Elf:2)
  11 fungi
  16 plants
2552 creatures vanquished.

Vanquished Creatures (collateral kills)
  Saint Roka (Orc:2)
  Rupert (Lair:4)
  3 hydras
  2 catoblepae
  A sea snake (Lair:6)
  A wolf spider (Spider:1)
  2 cyclopes (D:11)
  2 black mambas
  4 cane toads
  A rime drake (Lair:5)
  2 komodo dragons
  A troll (D:11)
  A blink frog (Lair:5)
  A yak (D:9)
  A basilisk (Lair:4)
  2 water moccasins
  3 porcupines
  An orc warrior (Orc:2)
  A phantom (D:8)
  An ogre (D:11)
  6 wolves
  2 crocodiles
  A wyvern zombie (D:6)
  3 bullfrogs
  2 wights (D:11)
  A jelly (D:11)
  An orc wizard (Orc:2)
  An iguana (Lair:3)
  A hell rat (Lair:6)
  A gnoll (D:7)
  A river rat (Lair:6)
  An orc (Orc:2)
  2 rats (Lair:6)
55 creatures vanquished.

Vanquished Creatures (others)
  An ettin (Vaults:5)
  Pikel (D:5)
  2 deep elf magi (Elf:2)
  2 orc warriors (Orc:2)
  A wyvern simulacrum (D:14)
  257 blocks of ice
  18 fungi
  21 plants
303 creatures vanquished.

Grand Total: 2910 creatures vanquished

Notes
Turn   | Place    | Note
-------+----------+-------------------------------------------
     0 | D:1      | night the Draconian Ice Elementalist began the quest for
                  | the Orb.
     0 | D:1      | Reached XP level 1. HP: 14/14 MP: 3/3
   211 | D:1      | Reached XP level 2. HP: 20/20 MP: 3/5
   758 | D:1      | Reached XP level 3. HP: 18/26 MP: 3/6
  1335 | D:2      | Learned a level 3 spell: Frozen Ramparts
  1374 | D:2      | Found a glowing golden altar of the Shining One.
  1540 | D:2      | Found a burning altar of Makhleb.
  1543 | D:2      | Found a glowing silver altar of Zin.
  1544 | D:2      | Noticed an Executioner
  1544 | D:2      | Noticed an angel
  1560 | D:2      | Found a bloodstained altar of Trog.
  1561 | D:2      | Found an iron altar of Okawaru.
  1682 | D:2      | Became a worshipper of Zin the Law-Giver
  1795 | D:2      | Reached skill level 5 in Ice Magic
  2087 | D:2      | Noticed Robin
  2119 | D:2      | Reached XP level 4. HP: 33/33 MP: 2/8
  2127 | D:2      | Killed Robin
  2394 | D:2      | Found a radiant altar of Vehumet.
  2402 | D:2      | Fell from the grace of Zin
  2402 | D:2      | Became a worshipper of Vehumet
  2696 | D:3      | Noticed Sigmund
  2716 | D:3      | Killed Sigmund
  2716 | D:3      | Reached skill level 3 in Spellcasting
  2716 | D:3      | Reached XP level 5. HP: 11/38 MP: 3/10
  3222 | D:3      | Found a shadowy altar of Dithmenos.
  3237 | D:3      | Found a hide-covered altar of Uskayaw.
  3357 | D:3      | Reached XP level 6. HP: 45/45 MP: 7/11
  4080 | D:4      | Found a runed translucent gate.
  4131 | D:4      | Found a runed translucent gate.
  4132 | D:4      | Found a runed translucent gate.
  4140 | D:4      | Noticed kal9871's ghost (novice OgFi)
  4302 | D:4      | Reached skill level 4 in Spellcasting
  4590 | D:4      | Reached * piety under Vehumet
  4590 | D:4      | Offered knowledge of Magic Dart by Vehumet.
  4594 | D:4      | Your scales start taking on an icy white colour.
  4594 | D:4      | Reached XP level 7. HP: 28/50 MP: 10/13
  4594 | D:4      | Gained mutation: Your flesh is cold resistant. (rC+) [White
                  | Draconian growth]
  4599 | D:4      | Learned a level 3 spell: Ozocubu's Armour
  4604 | D:4      | Learned a level 4 spell: Hailstorm
  4858 | D:4      | Found a hazy altar of Hepliaklqana.
  5302 | D:5      | Entered Level 5 of the Dungeon
  5399 | D:5      | Found a white marble altar of Elyvilon.
  5695 | D:5      | Reached skill level 5 in Spellcasting
  5695 | D:5      | Reached skill level 10 in Ice Magic
  5741 | D:5      | Noticed Pikel
  5747 | D:5      | Killed Pikel
  5925 | D:5      | Reached XP level 8. HP: 57/57 MP: 12/15
  5932 | D:5      | Learned a level 4 spell: Summon Ice Beast
  6418 | D:5      | Found a shimmering blue altar of Sif Muna.
  6823 | D:6      | HP: 2/57 [wyvern zombie (11)]
  7100 | D:6      | Reached ** piety under Vehumet
  7100 | D:6      | Offered knowledge of Shock by Vehumet.
  7156 | D:6      | Reached skill level 6 in Spellcasting
  7308 | D:6      | Reached skill level 12 in Ice Magic
  7328 | D:6      | Reached XP level 9. HP: 56/62 MP: 9/18
  7495 | D:6      | Found Kableshu's Weapon Shop.
  7543 | D:6      | Found a runed translucent gate.
  7543 | D:6      | Found a runed translucent gate.
  7543 | D:6      | Found a runed translucent gate.
  7543 | D:6      | Noticed bmj180's ghost (novice DrCj)
  7543 | D:6      | Noticed bmj180's ghost (amateur DrCj)
  7950 | D:7      | Found a staircase to the Ecumenical Temple.
  7951 | D:7      | Offered knowledge of Conjure Flame by Vehumet.
  8063 | D:7      | Reached *** piety under Vehumet
  8063 | D:7      | Reached skill level 7 in Spellcasting
  9182 | D:7      | Found a sacrificial altar of Ru.
  9187 | D:7      | Offered knowledge of Static Discharge by Vehumet.
  9243 | D:7      | Found a basalt altar of Yredelemnul.
  9446 | D:7      | Identified the cursed +0 kite shield "Lilec" {Dex+5}
  9465 | D:7      | Found a transporter.
  9519 | D:7      | Found a transporter.
  9522 | D:7      | Identified the ring "Kukaxtih" {rPois Int+8}
  9526 | D:7      | Noticed PantasTheDank's ghost (novice DrIE)
  9682 | D:7      | Killed PantasTheDank's ghost
  9682 | D:7      | Reached skill level 14 in Ice Magic
  9682 | D:7      | Reached XP level 10. HP: 46/69 MP: 13/21
 10062 | D:8      | Reached skill level 8 in Spellcasting
 10104 | D:8      | Reached **** piety under Vehumet
 10248 | D:8      | Offered knowledge of Stone Arrow by Vehumet.
 10320 | D:8      | Found Ysempar's Armour Emporium.
 10729 | D:8      | Noticed a gargoyle
 10739 | D:8      | Reached skill level 1 in Maces & Flails
 10739 | D:8      | Killed a gargoyle
 10739 | D:8      | Reached skill level 1 in Fighting
 10739 | D:8      | Reached skill level 2 in Maces & Flails
 10739 | D:8      | Reached skill level 1 in Shields
 10922 | D:8      | Found a sparkling altar of Nemelex Xobeh.
 11186 | D:8      | Reached skill level 2 in Fighting
 11346 | D:8      | Reached ***** piety under Vehumet
 11410 | D:8      | Offered knowledge of Airstrike by Vehumet.
 11481 | D:8      | Reached skill level 2 in Shields
 11773 | D:9      | Noticed Erolcha
 11778 | D:9      | Reached skill level 5 in Maces & Flails
 11789 | D:9      | Killed Erolcha
 11793 | D:9      | Reached XP level 11. HP: 73/82 MP: 15/23
 11839 | D:9      | Found a staircase to the Lair.
 12655 | D:10     | Entered Level 10 of the Dungeon
 12814 | D:10     | Noticed an orc knight
 12837 | D:10     | Killed an orc knight
 12837 | D:10     | Reached skill level 5 in Fighting
 13079 | D:10     | Found a staircase to the Orcish Mines.
 13080 | D:10     | Found Xidecapn's Weapon Emporium.
 13257 | D:10     | Reached skill level 10 in Maces & Flails
 13399 | D:10     | Found Isukhlocs's Weapon Shop.
 13508 | D:10     | Noticed a swamp dragon
 13508 | D:10     | a water nymph changed into a swamp dragon
 13512 | D:10     | Killed a swamp dragon
 13933 | D:11     | Noticed a green ugly thing
 13941 | D:11     | Killed a green ugly thing
 14130 | D:11     | Noticed Nergalle
 14139 | D:11     | Killed Nergalle
 14448 | D:11     | Offered knowledge of Starburst by Vehumet.
 14451 | D:11     | Reached skill level 12 in Maces & Flails
 15562 | Lair:1   | Entered Level 1 of the Lair of Beasts
 15578 | Lair:1   | Reached XP level 12. HP: 77/100 MP: 5/24
 16109 | Lair:1   | Noticed a six-headed hydra
 16116 | Lair:1   | Killed a six-headed hydra
 17006 | Lair:1   | Noticed a seven-headed hydra
 17027 | Lair:1   | Killed a seven-headed hydra
 17710 | Lair:2   | Noticed Urug
 17725 | Lair:2   | HP: 9/103 [Urug/javelin (27)]
 17727 | Lair:2   | Killed Urug
 18081 | Lair:2   | Reached skill level 14 in Maces & Flails
 18998 | Lair:2   | Noticed Erica
 19027 | Lair:2   | Killed Erica
 19027 | Lair:2   | Reached skill level 10 in Fighting
 19693 | Lair:3   | Reached skill level 2 in Dodging
 20129 | Lair:3   | Got a twitching sapphire amulet
 20130 | Lair:3   | Identified the amulet of the Will of the Gods {Reflect
                  | rElec SH+5} (You found it on level 3 of the Lair of Beasts)
 20144 | Lair:3   | Learned a level 6 spell: Freezing Cloud
 20484 | Lair:3   | Reached skill level 1 in Air Magic
 20559 | Lair:3   | Reached skill level 2 in Air Magic
 20559 | Lair:3   | Reached XP level 13. HP: 97/113 MP: 3/25
 20728 | Lair:3   | Reached skill level 9 in Spellcasting
 21024 | Lair:3   | Offered knowledge of Lee's Rapid Deconstruction by Vehumet.
 21453 | Lair:3   | Learned a level 3 spell: Mephitic Cloud
 21572 | Lair:3   | Found a staircase to the Swamp.
 21907 | Lair:4   | Reached skill level 5 in Air Magic
 21932 | Lair:4   | Noticed Rupert
 21934 | Lair:4   | Paralysed by Rupert for 4 turns
 22026 | Lair:4   | Killed Rupert
 22360 | Lair:4   | Reached skill level 5 in Dodging
 22496 | Lair:4   | Found a hole to the Spider Nest.
 22606 | Lair:4   | Identified a scroll of acquirement
 22606 | Lair:4   | Acquired the +0 pair of gloves of Going Fast {rF+ rCorr
                  | Int+4 Dex-4 Stlth+}
 23603 | Lair:5   | Reached skill level 10 in Spellcasting
 24344 | Lair:5   | Reached XP level 14. HP: 121/121 MP: 26/28
 24436 | Lair:5   | Offered knowledge of Conjure Ball Lightning by Vehumet.
 24977 | Lair:6   | Entered Level 6 of the Lair of Beasts
 25618 | Lair:6   | Found a staircase to the Slime Pits.
 26126 | Lair:6   | Reached skill level 10 in Air Magic
 26310 | Lair:6   | Offered knowledge of Ozocubu's Refrigeration by Vehumet.
 26721 | Lair:6   | Reached skill level 11 in Spellcasting
 26729 | Lair:6   | Learned a level 6 spell: Ozocubu's Refrigeration
 26757 | Lair:6   | Gained mutation: You have a pair of small horns on your
                  | head. [potion of mutation]
 26757 | Lair:6   | Gained mutation: You passively map a small area around you.
                  | [potion of mutation]
 27619 | Orc:1    | Entered Level 1 of the Orcish Mines
 27967 | Orc:2    | Entered Level 2 of the Orcish Mines
 28063 | Orc:2    | Found a staircase to the Elven Halls.
 28193 | Orc:2    | Found Xuets's Armour Boutique.
 28454 | Orc:2    | Noticed Saint Roka
 28810 | Orc:2    | HP: 18/121 [Saint Roka/divine providence (13)]
 29200 | Orc:2    | Noticed an orc warlord
 29204 | Orc:2    | Killed an orc warlord
 29719 | Orc:2    | Reached XP level 15. HP: 126/126 MP: 21/30
 29774 | Orc:2    | Killed Saint Roka
 29774 | Orc:2    | Offered knowledge of Iskenderun's Battlesphere by Vehumet.
 29777 | Orc:2    | Found a roughly hewn altar of Beogh.
 29793 | Orc:2    | Found Xenuelan's Book Emporium.
 29917 | Orc:2    | Found Joaxtui's Antique Armour Emporium.
 29931 | Orc:2    | Found Fostetwumigg's General Store.
 29987 | Orc:2    | Found Veotif's Antique Weapon Emporium.
 30318 | Spider:1 | Entered Level 1 of the Spider Nest
 30330 | Spider:1 | Noticed Louise
 30334 | Spider:1 | Killed Louise
 31508 | Spider:1 | Reached skill level 16 in Ice Magic
 31840 | Spider:1 | Found a runed translucent door.
 31916 | Spider:1 | Noticed Jom Ituh's ghost (adept DDFi)
 32229 | Spider:2 | You fall into a shaft and drop 1 floor!
 32268 | Spider:3 | Reached skill level 12 in Spellcasting
 33170 | Spider:2 | Reached ****** piety under Vehumet
 33342 | Spider:2 | Noticed Arachne
 33356 | Spider:2 | Killed Arachne
 34509 | Spider:3 | Offered knowledge of Lehudib's Crystal Spear by Vehumet.
 34584 | Spider:3 | Reached XP level 16. HP: 134/134 MP: 0/32
 34917 | Spider:3 | Reached skill level 18 in Ice Magic
 35073 | Spider:3 | HP: 19/134 [disintegration (48)]
 35465 | Spider:3 | Reached skill level 13 in Spellcasting
 36086 | Spider:4 | Entered Level 4 of the Spider Nest
 36086 | Spider:4 | Noticed Nikola
 36093 | Spider:4 | Killed Nikola
 37598 | Swamp:1  | Entered Level 1 of the Swamp
 40094 | Swamp:2  | Offered knowledge of Shatter by Vehumet.
 40094 | Swamp:2  | Offered knowledge of Tornado by Vehumet.
 40094 | Swamp:2  | Offered knowledge of Absolute Zero by Vehumet.
 40105 | Swamp:2  | Learned a level 9 spell: Absolute Zero
 40469 | Swamp:2  | Reached skill level 20 in Ice Magic
 41734 | Swamp:3  | Reached XP level 17. HP: 140/140 MP: 22/34
 42162 | Swamp:3  | Noticed Aizul
 42164 | Swamp:3  | Killed Aizul
 42294 | Swamp:3  | Reached skill level 14 in Spellcasting
 42555 | Swamp:4  | Entered Level 4 of the Swamp
 45640 | Swamp:4  | Got a decaying rune of Zot
 46952 | Spider:4 | Got a transparent broad axe
 46952 | Spider:4 | Identified the +6 broad axe "Poitutoe" {speed, Str-5 Int+6}
                  | (You found it on level 4 of the Spider Nest)
 48176 | Spider:4 | Reached skill level 12 in Air Magic
 48817 | Spider:4 | Reached skill level 15 in Spellcasting
 48893 | Spider:4 | HP: 12/140 [something (16)]
 49453 | Spider:4 | Reached XP level 18. HP: 135/148 MP: 12/37
 50120 | Spider:4 | Got a gossamer rune of Zot
 50947 | D:12     | Got a scorched dagger
 50947 | D:12     | Identified the cursed +3 dagger of the Eggplant {flame,
                  | Int+6} (You found it on level 12 of the Dungeon)
 51397 | D:13     | Got a steaming flail
 51397 | D:13     | Identified the +6 flail "Yphol" {flame, rElec MR+ Int+4
                  | Dex+4} (You found it on level 13 of the Dungeon)
 51587 | D:13     | Acquired a +3 demon whip of draining
 53109 | D:14     | Found a flickering gateway to a bazaar.
 53139 | Bazaar   | Entered a bazaar
 53379 | Bazaar   | Found Deusin's Magic Scroll Emporium.
 53379 | Bazaar   | Found Ciugopor's Assorted Antiques.
 53400 | Bazaar   | Found Ifanaheu's Armour Emporium.
 53400 | Bazaar   | Found Emieg's Armour Shoppe.
 53421 | Bazaar   | Found Ubeminu's Antique Armour Emporium.
 53421 | Bazaar   | Found Ufohoure's Antique Weapon Shoppe.
 53442 | Bazaar   | Found Razo's Gadget Shoppe.
 53501 | Bazaar   | Bought a scroll of magic mapping for 28 gold pieces
 53501 | Bazaar   | Bought a scroll of magic mapping for 28 gold pieces
 53501 | Bazaar   | Bought a scroll of silence for 60 gold pieces
 53507 | Bazaar   | Bought a potion of heal wounds for 180 gold pieces
 53507 | Bazaar   | Bought a scroll of fear for 126 gold pieces
 53521 | Bazaar   | Bought a +1 hat for 110 gold pieces
 53521 | Bazaar   | Bought a +2 cloak of poison resistance for 185 gold pieces
 53557 | Bazaar   | Bought a glowing kite shield for 187 gold pieces
 53583 | Bazaar   | Bought a glowing fustibalus for 360 gold pieces
 53583 | Bazaar   | Bought a fine hand crossbow for 170 gold pieces
 53619 | D:14     | Identified the cursed +3 hand crossbow "Reihid Peon"
                  | {freeze, *Corrode *Drain rElec Dex+8} (You bought it in a
                  | shop in a bazaar)
 54107 | D:14     | Reached skill level 16 in Spellcasting
 54134 | D:14     | Found a gate to the Vaults.
 54297 | D:15     | Entered Level 15 of the Dungeon
 54297 | D:15     | Found a gate leading to a gauntlet.
 54306 | Gauntlet | Entered a Gauntlet
 54306 | Gauntlet | Found a transporter.
 54306 | Gauntlet | Found a transporter.
 54306 | Gauntlet | Found a transporter.
 54307 | Gauntlet | Found a transporter.
 54310 | Gauntlet | Found a transporter.
 54320 | Gauntlet | Found a transporter.
 54334 | Gauntlet | Found a transporter.
 54342 | Gauntlet | Found a transporter.
 54362 | Gauntlet | Found a transporter.
 54368 | Gauntlet | Found a transporter.
 54385 | Gauntlet | Found a transporter.
 54437 | Gauntlet | Found a transporter.
 54570 | Gauntlet | Got a pitted hat
 54580 | Gauntlet | Identified the +2 hat of Leapfrog {Str+4 Slay+2} (You found
                  | it in a Gauntlet)
 54664 | Gauntlet | Got a twitching ivory ring
 54668 | Gauntlet | Got a transparent bone amulet
 54669 | Gauntlet | Identified the ring "Cathraotai" {MR+ Str+3 SInv} (You
                  | found it in a Gauntlet)
 54670 | Gauntlet | Identified the amulet of Xom's Full Attention {RegenMP
                  | +Blink Str+4} (You found it in a Gauntlet)
 54804 | D:15     | Reached skill level 14 in Air Magic
 54907 | D:15     | Learned a level 9 spell: Tornado
 55553 | D:15     | Found a staircase to the Depths.
 56229 | Elf:1    | Entered Level 1 of the Elven Halls
 56573 | Elf:1    | Found Ekhicotiergh's Antique Weapon Boutique.
 57463 | Elf:1    | Reached XP level 19. HP: 120/153 MP: 39/39
 57585 | Elf:1    | Found Izojil's Gadget Emporium.
 58064 | Elf:1    | HP: 19/153 [+1 glaive of freezing (23)]
 58931 | Elf:2    | Reached skill level 17 in Spellcasting
 58977 | Elf:2    | Found a runed translucent gate.
 58977 | Elf:2    | Found a runed translucent gate.
 58977 | Elf:2    | Found a runed translucent gate.
 60842 | Elf:3    | Entered Level 3 of the Elven Halls
 60993 | Elf:3    | Noticed Bai Suzhen
 60994 | Elf:3    | Killed Bai Suzhen
 61030 | Elf:3    | Found Ischaonle's Assorted Antiques.
 61426 | Elf:3    | Reached skill level 16 in Air Magic
 61667 | Elf:3    | Noticed Mara
 61670 | Elf:3    | Killed Mara
 61987 | Elf:3    | HP: 12/153 [deep elf archer/arrow (28)]
 62405 | Elf:3    | Reached skill level 18 in Spellcasting
 62737 | Elf:3    | Reached XP level 20. HP: 75/160 MP: 31/42
 62978 | Elf:3    | Identified the ring "Muryo" {*Drain rPois MR+ Str+6 SInv}
 63313 | Elf:3    | Identified the Tome of the Arsonist
 63368 | Elf:3    | Got a pitted demon blade
 63368 | Elf:3    | Identified the +6 demon blade of Demonkind {pain, *Rage
                  | Str+6 Dex+2} (You found it on level 3 of the Elven Halls)
 63485 | Elf:3    | Got a smoking shortbow
 63491 | Elf:3    | Identified the cursed +3 shortbow of the Extremes {flame,
                  | Int+4} (You found it on level 3 of the Elven Halls)
 63739 | Depths:1 | Entered Level 1 of the Depths
 63759 | Depths:1 | Found a one-way gate leading to the halls of Pandemonium.
 64328 | Depths:1 | Reached skill level 5 in Shields
 64851 | Depths:1 | Found a gateway to Hell.
 64961 | Depths:1 | Found a glowing golden altar of the Shining One.
 64963 | Depths:1 | Found a shimmering altar of Xom.
 64963 | Depths:1 | Found a shadowy altar of Dithmenos.
 64965 | Depths:1 | Found a glowing golden altar of the Shining One.
 64965 | Depths:1 | Found a radiant altar of Vehumet.
 64965 | Depths:1 | Found an opulent altar of Gozag.
 65083 | Depths:2 | Noticed Margery
 65089 | Depths:2 | Killed Margery
 65407 | Depths:2 | Noticed a caustic shrike
 65416 | Depths:2 | Killed a caustic shrike
 66026 | Depths:2 | Learned a level 2 spell: Sublimation of Blood
 66130 | Depths:2 | Found a gateway to a ziggurat.
 66152 | Depths:2 | Found a glowing golden altar of the Shining One.
 66258 | Depths:2 | Found a corrupted altar of Lugonu.
 66259 | Depths:2 | Found a one-way gate to the infinite horrors of the Abyss.
 66919 | Depths:3 | Reached skill level 19 in Spellcasting
 67041 | Depths:3 | Reached XP level 21. HP: 151/167 MP: 37/44
 67362 | Depths:3 | Paralysed by a wizard for 2 turns
 67594 | Depths:3 | Reached skill level 18 in Air Magic
 67678 | Depths:3 | Found a runed translucent gate.
 67678 | Depths:3 | Found a runed translucent gate.
 67678 | Depths:3 | Found a runed translucent gate.
 67896 | Depths:3 | Acquired 1480 gold pieces
 67897 | Depths:3 | Acquired 730 gold pieces
 68398 | Depths:3 | Reached skill level 10 in Shields
 69322 | Depths:4 | Got a pair of steaming gloves
 69327 | Depths:4 | Identified the +0 pair of gloves "Suziycs" {SInv} (You
                  | found it on level 4 of the Depths)
 69497 | Depths:4 | Found a shattered altar of Ashenzari.
 69904 | Depths:4 | Found a sacrificial altar of Ru.
 69956 | Depths:4 | Noticed a caustic shrike
 69957 | Depths:4 | Noticed a golden dragon
 69957 | Depths:4 | Reached skill level 12 in Shields
 69960 | Depths:4 | Noticed a caustic shrike
 69961 | Depths:4 | Killed a caustic shrike
 69964 | Depths:4 | Killed a caustic shrike
 69965 | Depths:4 | Killed a golden dragon
 69967 | Depths:4 | Noticed a caustic shrike
 69967 | Depths:4 | Noticed a caustic shrike
 69980 | Depths:4 | Killed a caustic shrike
 70426 | Depths:4 | Reached XP level 22. HP: 175/175 MP: 37/45
 70427 | Depths:4 | Noticed a caustic shrike
 70429 | Depths:4 | Killed a caustic shrike
 70654 | Depths:4 | Identified the +1 quarterstaff "Foilal" {vamp, rF++ MR++
                  | Dex+2}
 70805 | Depths:4 | Killed a caustic shrike
 70903 | Depths:4 | Identified the +8 plate armour of Putexah {Str+2}
 71136 | Depths:4 | Found an ancient bone altar of Kikubaaqudgha.
 71210 | Depths:4 | Found a stormy altar of Qazlal.
 71575 | Depths:4 | Noticed Boris
 71577 | Depths:4 | Killed Boris
 71892 | Depths:5 | Entered Level 5 of the Depths
 71899 | Depths:5 | Reached skill level 14 in Shields
 71907 | Depths:5 | Reached skill level 20 in Spellcasting
 73325 | Depths:5 | Noticed a golden dragon
 73336 | Depths:5 | HP: 19/175 [shadow dragon/bolt of negative energy (28)]
 74615 | Depths:5 | Killed a golden dragon
 74706 | Depths:5 | Found a gate to the Realm of Zot.
 74956 | Vaults:1 | Entered Level 1 of the Vaults
 74990 | Vaults:1 | Reached XP level 23. HP: 181/181 MP: 33/47
 75177 | Vaults:1 | You fall into a shaft and drop 1 floor!
 77241 | Vaults:2 | Found a staircase to the Crypt.
 77241 | Vaults:2 | Found a basalt altar of Yredelemnul.
 77242 | Vaults:2 | Found an ancient bone altar of Kikubaaqudgha.
 77594 | Vaults:1 | Found Rom Bal's Book Emporium.
 78269 | Vaults:1 | You fall into a shaft and drop 1 floor!
 78312 | Vaults:1 | Noticed Boris
 78313 | Vaults:1 | Killed Boris
 78313 | Vaults:1 | Reached skill level 12 in Fighting
 78573 | Vaults:1 | Reached skill level 10 in Dodging
 79708 | Vaults:3 | Noticed Sojobo
 79711 | Vaults:3 | Killed Sojobo
 79737 | Vaults:3 | Reached skill level 21 in Spellcasting
 80222 | Vaults:3 | Reached XP level 24. HP: 197/197 MP: 40/48
 80887 | Vaults:3 | Paralysed by a sphinx for 7 turns
 82168 | Vaults:4 | Found Neucsuit's Armour Boutique.
 82180 | Vaults:4 | Bought a +1 cloak of magic resistance for 346 gold pieces
 82718 | Vaults:4 | Found a runed translucent door.
 82718 | Vaults:4 | Noticed Vileos's ghost (adept DsGl)
 82731 | Vaults:4 | Killed Vileos's ghost
 82825 | Vaults:4 | Found the +2 Maxwell's thermic engine {flame, freeze}
 82955 | Vaults:5 | Entered Level 5 of the Vaults
 82958 | Vaults:5 | Reached skill level 14 in Fighting
 83005 | Vaults:5 | Reached skill level 12 in Dodging
 83035 | Vaults:4 | Reached skill level 16 in Maces & Flails
 83303 | Vaults:5 | Identified the ring of Ytygurry {rPois Dex+3}
 83332 | Vaults:5 | Reached XP level 25. HP: 112/211 MP: 12/48
 84257 | Vaults:5 | Noticed an ancient lich
 84260 | Vaults:5 | Killed an ancient lich
 84260 | Vaults:5 | Reached skill level 22 in Spellcasting
 84779 | Vaults:5 | Got a silver rune of Zot
 85206 | Vaults:5 | Reached skill level 16 in Fighting
 85368 | Vaults:5 | Found Xusch's Food Shop.
 85368 | Vaults:5 | Found Boih's Distillery.
 85386 | Vaults:5 | Noticed an ancient lich
 85391 | Vaults:5 | Found Wanusegh's Distillery.
 85392 | Vaults:5 | Killed an ancient lich
 85423 | Vaults:5 | Bought a potion of cancellation for 168 gold pieces
 85423 | Vaults:5 | Bought a potion of cancellation for 168 gold pieces
 85443 | Vaults:5 | Found Weommont's Distillery.
 85455 | Vaults:5 | Found Atughuja's Food Boutique.
 85456 | Vaults:5 | Bought 2 potions of heal wounds for 200 gold pieces
 85456 | Vaults:5 | Bought a potion of heal wounds for 100 gold pieces
 85456 | Vaults:5 | Bought a potion of cancellation for 160 gold pieces
 85989 | Vaults:5 | Found Miequqi's Distillery.
 85993 | Vaults:5 | Bought a potion of heal wounds for 70 gold pieces
 85993 | Vaults:5 | Bought a potion of heal wounds for 70 gold pieces
 85993 | Vaults:5 | Bought a potion of heal wounds for 70 gold pieces
 85993 | Vaults:5 | Bought a potion of heal wounds for 70 gold pieces
 85993 | Vaults:5 | Bought a potion of magic for 112 gold pieces
 85993 | Vaults:5 | Bought 2 potions of heal wounds for 140 gold pieces
 85993 | Vaults:5 | Bought a potion of heal wounds for 70 gold pieces
 86010 | Vaults:5 | Found Qanekioh's Magic Scroll Emporium.
 86010 | Vaults:5 | Found Xotheon's Distillery.
 86014 | Vaults:5 | Bought a scroll of fog for 44 gold pieces
 86014 | Vaults:5 | Bought a scroll of enchant weapon for 165 gold pieces
 86014 | Vaults:5 | Bought a scroll of fog for 44 gold pieces
 86024 | Vaults:5 | Bought a potion of experience for 950 gold pieces
 86024 | Vaults:5 | Reached skill level 14 in Dodging
 86024 | Vaults:5 | Reached XP level 26. HP: 225/225 MP: 49/49
 86553 | Zot:1    | Entered Level 1 of the Realm of Zot
 87730 | Zot:2    | Reached XP level 27. HP: 233/233 MP: 42/49
 88432 | Zot:2    | Noticed an orb of fire
 88432 | Zot:2    | Noticed an orb of fire
 88432 | Zot:2    | Noticed an orb of fire
 88433 | Zot:2    | Killed an orb of fire
 88434 | Zot:2    | Killed an orb of fire
 88436 | Zot:2    | Killed an orb of fire
 88483 | Zot:2    | Reached skill level 23 in Spellcasting
 89474 | Zot:3    | Reached skill level 18 in Fighting
 89695 | Zot:3    | Reached skill level 16 in Dodging
 89701 | Zot:3    | Noticed an orb of fire
 89707 | Zot:3    | Killed an orb of fire
 91651 | Zot:5    | Entered Level 5 of the Realm of Zot
 91979 | Zot:5    | Noticed an orb of fire
 91981 | Zot:5    | Killed an orb of fire
 91981 | Zot:5    | Noticed an ancient lich
 91987 | Zot:5    | Noticed an orb of fire
 91988 | Zot:5    | Killed an orb of fire
 91990 | Zot:5    | Noticed an orb of fire
 91991 | Zot:5    | Killed an orb of fire
 91993 | Zot:5    | Killed an ancient lich
 91993 | Zot:5    | Noticed an orb of fire
 91993 | Zot:5    | Noticed an orb of fire
 91994 | Zot:5    | Killed an orb of fire
 91997 | Zot:5    | Killed an orb of fire
 91997 | Zot:5    | Reached skill level 24 in Spellcasting
 92001 | Zot:5    | Noticed an orb of fire
 92003 | Zot:5    | Killed an orb of fire
 92003 | Zot:5    | Noticed an orb of fire
 92004 | Zot:5    | Noticed an ancient lich
 92007 | Zot:5    | Blown up by an ancient lich

Illustrated notes

Levels and vault maps discovered:
D:1:      minmay_arrival_hallway, layout_basic, minmay_hedge_maze
D:2:      layout_loops_corners, grunt_temple_overflow_order_and_chaos_2,
          grunt_temple_overflow_open, lemuel_coloured_pillars_altar,
          overflow_temple_1_default, first_ration, uniq_robin
D:3:      layout_basic, amethyst_overflow_temple_binary, portal_sewer_entry_d,
          uniq_sigmund
D:4:      cheibrodos_thug_alley, layout_basic, lemuel_crystal_altar,
          gammafunk_ghost_necromancy
D:5:      layout_rooms, elyvilon_altar_1, basic_altar, bh_walls_and_bars,
          uniq_pikel
D:6:      layout_gridville, gammafunk_ghost_cemetery, serial_shops,
          nicolae_shop_behind_doors
D:7:      layout_loops_cross, yredelemnul_forgotten_temple_becter,
          nicolae_ru_great_annihilating_truth, minmay_temple_entry_glassed_door,
          gammafunk_ghost_gnarly_gnolls
D:8:      layout_loops_ring, nemelex_xobeh_ov_fountains_minmay, special_room
          [special_room_orc], enter_bailey_3, serial_shops, nicolae_shop_trees
D:9:      layout_gridville, david_lair_generic, uniq_erolcha
D:10:     layout_loops_ring, orc_david_3, serial_shops, nicolae_shop_stone
D:11:     layout_roguey, uniq_nergalle
D:12:     layout_roguey
D:13:     layout_roguey, hangedman_little_slice_of_home
D:14:     layout_loops_ring, ximxim_vaults_locker_room, serial_ice,
          serial_ice_f, serial_ice_i, serial_ice_b, serial_ice_g,
          hangedman_decor_growths, serial_shops, bzr_entry_dummy, minivault_14
D:15:     gammafunk_enter_depths_forms, layout_basic, gauntlet_entry_generic,
          minmay_misc_feat_columns, minmay_fractal_squares_5
Lair:1:   layout_layer_cave, guppyfry_lair_drakes
Lair:2:   layout_cave_pods, enter_volcano_3, lemuel_fruit_tree,
          lemuel_fruit_fields, uniq_urug, uniq_erica
Lair:3:   wad_woods_structure_01, layout_layer_cave, palyth_hydra_swamp_entry,
          minmay_lair_oklob_chamber, lemuel_fruit_fields
Lair:4:   layout_cave_shapes, spider_nest_entry_web_field, serial_forest,
          infiniplex_forest_lined_room_2, infiniplex_forest_clump_double,
          infiniplex_forest_clump_medium, infiniplex_forest_clump_C,
          infiniplex_forest_end_3, infiniplex_forest_end_3,
          infiniplex_forest_lined_3, infiniplex_forest_lined_3_way,
          columned_hall_lemuel, st_stairs_6, uniq_rupert
Lair:5:   beast_lair_carwin_large_3, layout_gridlike, serial_bayou_shore_a
Lair:6:   gammafunk_lair_ancient_temple, layout_cave_pods,
          nicolae_slime_entry_slimehenge, kennysheep_abandoned_house,
          infiniplex_staircase_pool
Swamp:1:  layout_falls_marsh, portal_ice_cave_entry_ice_statue_one,
          serial_swamp_ruin, evilmike_swamp_ruin_house_3,
          evilmike_swamp_ruin_house_6
Swamp:2:  layout_basic_swamp, evilmike_swamp_ruin_house_5
Swamp:3:  layout_basic_swamp, hangedman_swamp_ruin_wall, uniq_aizul
Swamp:4:  swamp_vile, layout_basic_swamp, swamp_pool1,
          nicolae_swamp_necromancer_hut
Spider:1: layout_spider_delve, ebering_ghost_reflecting_pool, uniq_louise
Spider:2: layout_chambers, nicolae_spider_webbed_stairs, uniq_arachne
Spider:3: nicolae_spider_corner
Spider:4: guppyfry_spider_rune, drop_trap, uniq_nikola
Orc:1:    layout_caves
Orc:2:    grunt_orc_cross, layout_diamond_mine, serial_shops,
          nicolae_shop_crystal
Elf:1:    elf_arrival_002, layout_geoelf_grid, serial_shops,
          nicolae_shop_window_shopping, nicolae_shop_waterfront, minivault_28
Elf:2:    layout_geoelf_octagon, lemuel_flamethrower_hall
Elf:3:    minmay_elf_hall, layout_geoelf_octagon, serial_shops,
          nicolae_shop_trees, grunt_ministairs_13, hex_intersection,
          uniq_bai_suzhen, uniq_mara
Vaults:1: vaults_dpeg_spiral, hangedman_vaults_stagger,
          nicolae_vaults_murderbox, ontoclasm_vaults_gateway,
          nicolae_vaults_alarming, nicolae_vaults_border_crossing,
          vaults_dpeg_ring, vaults_room_pool, layout_vaults_quadrants,
          serial_shops, shop
Vaults:2: hangedman_vaults_cutoff, nicolae_vaults_shelves_hall,
          nicolae_vaults_yaktaur_gun_rack, hangedman_vaults_slice, v_misc_11,
          minmay_crypt_entry_necro_gods, v_misc_10,
          nicolae_vaults_ninety_degrees, ontoclasm_vaults_claustrophobia,
          hangedman_vaults_corner_blocks, vaults_room_stairs_pillars,
          grunt_vaults_diagonal, layout_vaults_big_cross
Vaults:3: nicolae_vaults_lopsided_apartments, v_pattern_3,
          nicolae_vaults_little_squares_5, nicolae_vaults_what_the_h,
          vaults_room_pool, vaults_dpeg_encased_lava,
          nicolae_vaults_three_branches, grunt_vaults_focal,
          layout_vaults_chaotic_city, uniq_sojobo
Vaults:4: ebering_vaults_ghost_inner_flame, vaults_room_semicircle,
          vaults_mumra_chevron_long, v_misc_30,
          nicolae_vaults_network_quinsquares
          [nicolae_vaults_network_quincunx_subvault,
          nicolae_vaults_network_quincunx_subvault,
          nicolae_vaults_network_quincunx_subvault,
          nicolae_vaults_network_quincunx_subvault], v_rooms_5,
          vaults_room_fours, vaults_room_pool, v_misc_18,
          vaults_standard_mumra_x, vaults_room_pools,
          vaults_room_stairs_pillars, st_lattice, layout_vaults_ring,
          serial_shops, shop
Vaults:5
Depths:1: layout_cave_shapes, pan_entry, grunt_hell_entry_dis_mu,
          minmay_crystal_room, st_stairs_6, grunt_ministairs_11,
          minmay_misc_feat_room, doesnt_xom_only_xom, uniq_saint_roka
Depths:2: hangedman_arch_fort, layout_gridlike, enter_ziggurat_b,
          abyss_entry_flame_altar, grunt_metal_band, hangedman_decor_points,
          tso_metal_star
Depths:3: minmay_tri_stars, layout_gridville, pan_entry,
          minmay_stone_trees_small, pf_coc_iceberg, serial_bayou_pond_e,
          pandoras_box_mu, grunt_megastairs_4
Depths:4: grunt_profane_halls [grunt_profane_temple_geh,
          grunt_profane_temple_coc, grunt_profane_temple_dis,
          grunt_profane_temple_tar, grunt_profane_loot], hell_entry,
          abyss_entry, uniq_boris
Depths:5: grunt_bruiser_brothers, layout_long_grid, abyss_entry,
          pf_vacation_house_of_asmodeus, serial_co_window_serial,
          co_window_corner_a, co_window_corner_a, co_window_paths_b,
          co_window_paths_a, co_window_paths_a, co_window_corner_a,
          co_window_paths_a, co_window_corner_ca, co_window_corner_ca,
          co_window_corner_b, glass_columns_b
Zot:1:    layout_gridville, grunt_megastairs_3
Zot:2:    layout_onion, lemuel_lake_of_fire, grunt_megastairs_2
Zot:3:    nicolae_zot_stationary_front, layout_misc_corridors,
          st_small_dragon_hoard_1, grunt_ministairs_2
Zot:4:    layout_misc_corridors, grunt_ministairs_6
Zot:5:    layout_onion

Skill      XL: |  1  2  3  4  5  6  7  8  9 10 11 12 13 14 15 16 17 18 19 20 21 22 23 24 25 26 27 |
---------------+----------------------------------------------------------------------------------+-----
Ice Magic      | 5 6 9 10 12 14 15 17 20 21 | 21.6
Spellcasting   | 3 4 5 6 7 8 10 11 12 13 15 16 18 19 20 21 22 24 | 24.0
Maces & Flails | 7 12 14 16 | 16.0
Fighting       | 3 7 10 12 14 16 19 | 19.8
Shields        | 3 4 8 12 15 | 15.0
Dodging        | 3 5 8 10 12 14 17 | 17.4
Air Magic      | 2 8 11 12 14 16 17 18 19 | 19.6
Stealth        | |  1.7

Action                   |  1- 3 |  4- 6 |  7- 9 | 10-12 | 13-15 | 16-18 | 19-21 | 22-24 | 25-27 || total
-------------------------+-------+-------+-------+-------+-------+-------+-------+-------+-------++-------
Melee: Unarmed           |     3 |       |       |       |       |       |       |       |       ||     3
       Whip              |    10 |    32 |       |   250 |   211 |   141 |       |       |       ||   644
       Spear             |       |    19 |   311 |    79 |       |       |       |       |       ||   409
       Tailslap          |       |     1 |    26 |    39 |    85 |    78 |    31 |   112 |    44 ||   416
       Mace              |       |       |       |    83 |   436 |   320 |       |       |       ||   839
       Headbutt          |       |       |       |       |    44 |    80 |    33 |   120 |    75 ||   352
       Broad axe         |       |       |       |       |       |    48 |       |       |       ||    48
       Demon whip        |       |       |       |       |       |   175 |   248 |   683 |   102 ||  1208
       Flail             |       |       |       |       |       |     7 |       |       |       ||     7
       Eveningstar       |       |       |       |       |       |       |       |    56 |   287 ||   343
 Fire: Hunting sling     |       |    11 |       |       |       |       |       |       |       ||    11
Throw: Boomerang         |       |       |     1 |       |       |       |       |       |       ||     1
       Dart              |       |       |       |       |     1 |       |       |       |       ||     1
       Stone             |       |       |       |       |     1 |       |       |       |       ||     1
 Cast: Freeze            |    39 |    15 |    41 |    36 |    41 |    12 |       |       |       ||   184
       Frozen Ramparts   |     4 |    17 |    44 |    96 |    35 |       |       |       |       ||   196
       Ozocubu's Armour  |       |       |     5 |     4 |     7 |    11 |     3 |       |       ||    30
       Summon Ice Beast  |       |       |     5 |    52 |    65 |     9 |     2 |       |       ||   133
       Hailstorm         |       |       |     4 |    43 |    16 |     1 |     4 |       |       ||    68
       Freezing Cloud    |       |       |       |       |    45 |     7 |       |       |       ||    52
       Mephitic Cloud    |       |       |       |       |     1 |       |       |       |       ||     1
       Ozocubu's Refrige |       |       |       |       |   138 |   496 |   237 |   241 |    76 ||  1188
       Absolute Zero     |       |       |       |       |       |    29 |    76 |    55 |   124 ||   284
       Tornado           |       |       |       |       |       |       |     8 |     5 |     1 ||    14
       Sublimation of Bl |       |       |       |       |       |       |     9 |     9 |    12 ||    30
 Abil: Breathe Frost     |       |       |       |     4 |     3 |     3 |       |       |       ||    10
Evoke: Wand              |       |       |     6 |     3 |    16 |     4 |       |       |       ||    29
       Lightning rod     |       |       |       |     2 |     4 |     4 |       |       |       ||    10
       Phial of floods   |       |       |       |       |     1 |       |       |     1 |       ||     2
  Use: Scroll            |     5 |     3 |     1 |    14 |     8 |    20 |     8 |     6 |     2 ||    67
       Potion            |     1 |       |     1 |     1 |     4 |     6 |       |       |     1 ||    14
 Stab: Sleeping          |     2 |     1 |       |     4 |     3 |     2 |     2 |    10 |     1 ||    25
       Distracted        |       |       |     4 |     1 |     3 |     2 |       |     2 |       ||    12
       Paralysed         |       |       |     2 |       |       |       |       |       |       ||     2
       Invisible         |       |       |     1 |       |       |       |       |       |       ||     1
       Petrified         |       |       |       |       |     2 |       |       |       |       ||     2
       Petrifying        |       |       |       |       |     1 |       |       |       |       ||     1
  Eat: Ration            |     1 |     3 |     4 |    10 |    12 |    20 |    12 |    11 |     7 ||    80
Armor: Skin              |    13 |    17 |    99 |    91 |   152 |   234 |    68 |   112 |   107 ||   893
Dodge: Dodged            |    20 |    36 |   159 |   195 |   315 |   346 |   101 |   147 |   185 ||  1504
Block: Buckler           |       |       |    72 |   111 |   316 |   331 |   130 |       |       ||   960
       Reflection        |       |       |       |       |     6 |     9 |    22 |    49 |    21 ||   107
       Kite shield       |       |       |       |       |       |       |       |   371 |   279 ||   650

Table legend:
 A = Non-vault XP
 B = Vault XP
 C = Vault XP percentage of total XP
 D = Non-vault monster count
 E = Vault monster count
 F = Vault count percentage of total count
                 A         B        C        D         E       F
            +---------+---------+-------+---------+---------+-------
      Total |  750919 |  864720 |  53.5 |    1603 |     940 |  37.0
            +---------+---------+-------+---------+---------+-------
        D:1 |      43 |       0 |   0.0 |      18 |       0 |   0.0
        D:2 |      38 |      37 |  49.3 |      14 |      13 |  48.1
        D:3 |      62 |     221 |  78.1 |      20 |       2 |   9.1
        D:4 |     307 |     119 |  27.9 |      18 |      12 |  40.0
        D:5 |     682 |       0 |   0.0 |      21 |       0 |   0.0
        D:6 |    1555 |       0 |   0.0 |      32 |       0 |   0.0
        D:7 |    1515 |    1003 |  39.8 |      45 |      17 |  27.4
        D:8 |    3119 |     242 |   7.2 |      33 |      28 |  45.9
        D:9 |    3282 |    1654 |  33.5 |      36 |       5 |  12.2
       D:10 |    2207 |     926 |  29.6 |      23 |       7 |  23.3
       D:11 |    3619 |     800 |  18.1 |      26 |       1 |   3.7
       D:12 |    3035 |       0 |   0.0 |      38 |       0 |   0.0
       D:13 |    7120 |     435 |   5.8 |      40 |       9 |  18.4
       D:14 |   13875 |    7857 |  36.2 |      50 |      24 |  32.4
       D:15 |   13054 |    5803 |  30.8 |      28 |      20 |  41.7
     Lair:1 |    6210 |     260 |   4.0 |      28 |       3 |   9.7
     Lair:2 |    4413 |    1805 |  29.0 |      21 |       4 |  16.0
     Lair:3 |    4644 |    4888 |  51.3 |      18 |      16 |  47.1
     Lair:4 |    9493 |    2213 |  18.9 |      29 |       2 |   6.5
     Lair:5 |    8368 |    4773 |  36.3 |      29 |      10 |  25.6
     Lair:6 |   13180 |    9740 |  42.5 |      37 |      44 |  54.3
    Swamp:1 |    4550 |       0 |   0.0 |      11 |       0 |   0.0
    Swamp:2 |   15633 |       0 |   0.0 |      40 |       0 |   0.0
    Swamp:3 |   11592 |    1654 |  12.5 |      37 |       1 |   2.6
    Swamp:4 |   11418 |   18957 |  62.4 |      28 |      35 |  55.6
   Spider:1 |   12906 |    1677 |  11.5 |      35 |       1 |   2.8
   Spider:2 |   14325 |    3728 |  20.7 |      40 |       3 |   7.0
   Spider:3 |   16632 |   18715 |  52.9 |      44 |      34 |  43.6
   Spider:4 |   29195 |   30445 |  51.0 |      89 |      43 |  32.6
      Orc:1 |    3502 |       0 |   0.0 |      54 |       0 |   0.0
      Orc:2 |    5172 |   10265 |  66.5 |      31 |      32 |  50.8
      Elf:1 |   20676 |    9183 |  30.8 |      29 |      15 |  34.1
      Elf:2 |   12491 |   22450 |  64.3 |      20 |      28 |  58.3
      Elf:3 |   21598 |   48687 |  69.3 |      29 |      25 |  46.3
   Vaults:1 |   27512 |   16889 |  38.0 |      37 |      22 |  37.3
   Vaults:2 |   48231 |   13889 |  22.4 |      69 |      22 |  24.2
   Vaults:3 |   32797 |   33192 |  50.3 |      55 |      41 |  42.7
   Vaults:4 |   19968 |   39170 |  66.2 |      28 |      45 |  61.6
   Vaults:5 |   37438 |  168051 |  81.8 |      68 |     103 |  60.2
   Depths:1 |   16756 |    6592 |  28.2 |      19 |       5 |  20.8
   Depths:2 |   20155 |   37582 |  65.1 |      24 |      25 |  51.0
   Depths:3 |   34960 |   24478 |  41.2 |      52 |      37 |  41.6
   Depths:4 |    8936 |  129483 |  93.5 |      12 |     135 |  91.8
   Depths:5 |   45738 |   22736 |  33.2 |      45 |      15 |  25.0
      Zot:1 |   34081 |    7504 |  18.0 |      20 |       5 |  20.0
      Zot:2 |   51232 |   31765 |  38.3 |      33 |      10 |  23.3
      Zot:3 |   63435 |   22515 |  26.2 |      30 |      13 |  30.2
      Zot:4 |    8006 |    8499 |  51.5 |       7 |       4 |  36.4
      Zot:5 |   22163 |   90447 |  80.3 |      13 |      19 |  59.4
   Gauntlet |       0 |    3391 | 100.0 |       0 |       5 | 100.0
            +---------+---------+-------+---------+---------+-------
